 Dungeon Crawl Stone Soup version 0.31.0-11-ge490571c62 (webtiles) character file.

Game seed: 11389010482577737803

377 Marvel the Cudgeller (level 6, -1/91 HPs)
             Began as a Troll Berserker on Feb 9, 2024.
             Was a Priest of Trog.
             Slain by a black bear (8 damage)
             ... on level 4 of the Dungeon.
             The game lasted 00:03:31 (2435 turns).

Marvel the Cudgeller (Troll Berserker)              Turns: 2435, Time: 00:03:31

Health: -1/91      AC:  5    Str: 28    XL:     6   Next: 45%
Magic:  5/5        EV: 10    Int:  3    God:    Trog [***...]
Gold:   231        SH:  0    Dex:  9    Spells: 5/5 levels left

rFire   . . .        a - +0 mace
rCold   . . .        (no shield)
rNeg    . . .        b - +0 animal skin
rPois   .            (helmet restricted)
rElec   .            l - +0 cloak
rCorr   .            (gloves unavailable)
SInv    .            (boots unavailable)
Will    .....        (no amulet) Stlth
                     (no ring)
HPRegen 1.15/turn    (no ring)
MPRegen 0.09/turn

%: no passive effects
@: berserking, very quick
A: large, unfitting armour, claws 3, regeneration 1, shaggy fur 1, tough skin 1
a: Renounce Religion, Berserk, Trog's Hand


You were on level 4 of the Dungeon.
You worshipped Trog.
Trog was most pleased with you.
You visited 1 branch of the dungeon, and saw 4 of its levels.

You collected 231 gold pieces.

Inventory:

Hand Weapons
 a - a +0 mace (weapon)
 k - a +0 hammer
Missiles
 o - 2 poisoned darts (quivered)
Armour
 b - a +0 animal skin (worn)
 l - a +0 cloak (worn)
Scrolls
 d - 2 scrolls of teleportation {unknown}
 e - 3 scrolls of identify {unknown}
 f - a scroll of fog {unknown}
 m - a scroll of butterflies {unknown}
 n - a scroll of vulnerability {unknown}
Potions
 c - 2 potions of attraction {unknown}
 g - a potion of degeneration {unknown}
 h - 2 potions of heal wounds {unknown}
 i - 3 potions of haste {unknown}
 j - a potion of mutation {unknown}


   Skills:
 + Level 3.6 Fighting
 + Level 4.7 Maces & Flails
 + Level 3.9 Dodging
 + Level 0.3 Stealth


You had 5 spell levels left.
You didn't know any spells.
Your spell library was empty.

Dungeon Overview and Level Annotations

Branches:
Dungeon (4/15)
 Temple: D:4-7

Altars:


Innate Abilities, Weirdness & Mutations

You are too large for most types of armour.
You have claws for hands.
Your natural rate of healing is unusually fast.
You are covered in fur. (AC +1)
You have tough skin. (AC +1)


Message History

The black bear claws you but does no damage.
The hobgoblin misses you.
You closely miss the black bear.
The black bear is heavily wounded.
The black bear barely misses you. The black bear closely misses you.
The black bear claws you but does no damage.
The hobgoblin barely misses you.
You thump the black bear!
The black bear is severely wounded.
The black bear bites you. The black bear claws you.
* * * LOW HITPOINT WARNING * * *
The black bear claws you.
* * * LOW HITPOINT WARNING * * *
The hobgoblin barely misses you.
You hit the black bear.
The black bear is severely wounded.
The hobgoblin hits you but does no damage.
The black bear goes berserk!
You hit the black bear but do no damage.
The black bear is severely wounded.
The black bear completely misses you.
The black bear claws you but does no damage.
The black bear barely misses you. The hobgoblin barely misses you.
The black bear bites you.
* * * LOW HITPOINT WARNING * * *
The black bear claws you but does no damage.
The black bear claws you.
* * * LOW HITPOINT WARNING * * *
You hit the black bear.
The black bear is almost dead.
The black bear barely misses you. The black bear completely misses you.
The black bear closely misses you. The hobgoblin hits you.
* * * LOW HITPOINT WARNING * * *
The black bear bites you!
* * * LOW HITPOINT WARNING * * *
The black bear claws you but does no damage.
The black bear closely misses you. The hobgoblin completely misses you.
A red film seems to cover your vision as you go berserk!
You feel yourself moving faster!
You feel mighty! The black bear bites you!
You die...

... #. ....##.
....#.. .......
~~~~ .......
##.... .......##
..... ......hg##
...#
.......@.##..#
..........#.#
...........#
.....>.....##
............##
.............####
.#
..............#.#
#..
.............##.##
#.
................##
#.


You could see a black bear (berserk) and a hobgoblin.

Vanquished Creatures
  A black bear (D:3)
  A hound (D:4)
  Crazy Yiuf (D:2)
  Jessica (D:2)
  Natasha (thrice) (D:2)
  4 adders
  A dart slug (D:4)
  2 ribbon worms
  4 orcs (D:3)
  3 endoplasms
  2 giant cockroaches
  7 goblins
  13 hobgoblins
  5 jackals
  8 kobolds
  4 quokkas
  11 ball pythons
  4 bats
  3 frilled lizards
  3 rats
81 creatures vanquished.

Notes
Turn   | Place    | Note
-------+----------+-------------------------------------------
     0 | D:1      | Marvel the Troll Berserker began the quest for the Orb.
     0 | D:1      | Reached XP level 1. HP: 22/22 MP: 0/0
   212 | D:1      | Reached XP level 2. HP: 29/29 MP: 1/1
   389 | D:1      | Reached skill level 3 in Maces & Flails
   407 | D:1      | Reached XP level 3. HP: 36/36 MP: 2/2
   421 | D:1      | Reached ** piety under Trog
  1011 | D:2      | Noticed Natasha
  1020 | D:2      | Killed Natasha
  1057 | D:2      | Reached XP level 4. HP: 44/44 MP: 3/3
  1058 | D:2      | Noticed Natasha
  1067 | D:2      | Killed Natasha
  1271 | D:2      | Noticed Natasha
  1277 | D:2      | Killed Natasha
  1281 | D:2      | Reached XP level 5. HP: 46/53 MP: 4/4
  1313 | D:2      | Found a runed translucent door.
  1314 | D:2      | Noticed Crazy Yiuf
  1361 | D:2      | Killed Crazy Yiuf
  1436 | D:2      | Noticed Jessica
  1443 | D:2      | Killed Jessica
  1444 | D:2      | Reached skill level 4 in Maces & Flails
  1846 | D:3      | Reached *** piety under Trog
  1938 | D:3      | Noticed a black bear
  1961 | D:3      | Killed a black bear
  1962 | D:3      | Reached XP level 6. HP: 41/61 MP: 5/5
  2435 | D:4      | Slain by a black bear

Illustrated notes

Levels and vault maps discovered:
D:1:      dpeg_arrival_renting, layout_basic, serial_bayou,
          serial_bayou_shore_a, serial_bayou_lake_a, serial_bayou_shore_b,
          serial_bayou_lagoon_a, serial_bayou_pond_d, minmay_small_reverse_x
D:2:      layout_basic, minmay_shallow_snake_nest, uniq_crazy_yiuf_cottage,
          uniq_natasha, uniq_jessica
D:3:      layout_rooms
D:4:      layout_layer_cave, minmay_temple_entry_water_ring

Skill      XL: |  1  2  3  4  5 |
---------------+----------------+-----
Maces & Flails | 3 4 |  4.7
Dodging        | 3 |  3.9
Fighting       | 3 |  3.6
Stealth        | |  0.3

Action                     |  1- 3 |  4- 6 || total
---------------------------+-------+-------++-------
  Melee: Mace              |    82 |   231 ||   313
 Invoke: Berserk           |       |     1 ||     1
 Armour: Animal skin       |    53 |   274 ||   327
  Dodge: Dodged            |    39 |   224 ||   263
